 Dungeon Crawl Stone Soup version 0.21.1-1-g345015f (webtiles) character file.

191 Inarius the Chiller (level 5, -3/32 HPs)
             Began as an Octopode Ice Elementalist on July 5, 2018.
             Slain by a gnoll (5 damage)
             ... on level 2 of the Dungeon on July 6, 2018.
             The game lasted 00:07:29 (2700 turns).

Inarius the Chiller (Octopode Ice Elementalist)     Turns: 2700, Time: 00:07:30

Health: -3/32      AC:  1    Str:  7    XL:     5   Next: 70%
Magic:  9/9        EV: 14    Int: 20    God:
Gold:   124        SH:  0    Dex: 13    Spells: 6/10 levels left

rFire    . . .     SeeInvis .   g - +0 dagger
rCold    . . .     Gourm    .   (no shield)
rNeg     . . .     Faith    .   (helmet restricted)
rPois    .         Spirit   .   (no amulet)
rElec    .         Reflect  .   j - +2 ring of intelligence
rCorr    .         Harm     .   (no ring)
MR       .....                  (no ring)
Stlth    +++.......             (no ring)
HPRegen  0.10/turn              (no ring)
MPRegen  0.11/turn              (no ring)
                                (no ring)
                                (no ring)

@: no status effects
A: almost no armour, stealthy swim, amphibious, 8 rings, constrict 8, camouflage
1, gelatinous body 1
a: no special abilities


You were on level 2 of the Dungeon.
You were hungry.

You visited 1 branch of the dungeon, and saw 3 of its levels.

You collected 124 gold pieces.

Inventory:

Hand Weapons
 g - a +0 dagger (weapon)
Missiles
 i - 2 throwing nets (quivered)
Jewellery
 j - a +2 ring of intelligence (left tentacle)
Scrolls
 c - 2 scrolls of teleportation
 d - 2 scrolls of fog
 k - a scroll of identify
 l - 2 scrolls of amnesia {unknown}
Potions
 e - a potion of curing {unknown}
 m - a potion of heal wounds {unknown}
 n - a potion of lignification {unknown}
Books
 a - a book of Frost

   Spells                             Type                      Level
   a - Freeze                         Ice                          1
   b - Throw Frost                    Conjuration/Ice              2
   c - Ozocubu's Armour               Charms/Ice                   3
   d - Throw Icicle                   Conjuration/Ice              4
   e - Summon Ice Beast               Ice/Summoning                4
Comestibles
 b - 4 rations


   Skills:
 + Level 0.6 Fighting
 + Level 2.4 Dodging
 - Level 2.6 Stealth
 + Level 3.1 Spellcasting
   Level 1.0 Conjurations
 + Level 0.1 Charms
 * Level 5.2 Ice Magic


You had 6 spell levels left.
You knew the following spells:

 Your Spells              Type           Power        Failure   Level  Hunger
a - Freeze                Ice            ###.         1%          1    None
b - Ozocubu's Armour      Chrm/Ice       ##......     14%         3    ###....


Dungeon Overview and Level Annotations

Branches:
Dungeon (3/15)

Altars:

Portals:
Sewer: D:3


Innate Abilities, Weirdness & Mutations

You cannot wear most types of armour.
You are very stealthy in the water. (Stealth+)
You are amphibious.
You can wear up to eight rings at the same time.
You can use your tentacles to constrict eight enemies at once.
Your skin changes colour to match your surroundings (Stealth+).
Your rubbery body absorbs attacks. (AC +1, EV +1)


Message History

You climb downwards.
You hear the sound of rushing water.
There is an entrance to a sewer on this level.
Hurry and find it before the portal rusts away!
The gnoll closely misses you. The gnoll hits you with a spear.
The giant cockroach waves its antennae.
There is a stone staircase leading up here.
You see here 2 stones.
Unknown command.
Unknown command.
Unknown command.
Unknown command.
Unknown command.
The gnoll hits you. The gnoll completely misses you.
You climb upwards.
There is a stone staircase leading down here.
The gnoll hits you from afar with a spear!
* * * LOW HITPOINT WARNING * * *
The gnoll barely misses you. The gnoll hits you.
You die...

##.##### #...######
#......# #........#
#..###(####........####
#..###................#
#..#...............####
#..+..............##
##.#........#g)####
#####'#........#g.#
...............#@.#
.......>.......#..#
...............#..#
.......#######....#
######## #.#.########
#.#........#
#...######## #.#)#
#.#.#


You could see 2 gnolls.

Vanquished Creatures
  An orc priest (D:3)
  An orc wizard (D:3)
  4 gnolls
  4 adders (D:2)
  3 worms
  2 dart slugs
  A leopard gecko (D:2)
  2 orcs
  9 bats
  2 giant cockroaches (D:1)
  2 goblins
  2 hobgoblins
  5 kobolds
  2 quokkas (D:2)
  A ball python (D:1)
  4 frilled lizards
  15 rats
60 creatures vanquished.

Notes
Turn   | Place    | Note
-------+----------+-------------------------------------------
     0 | D:1      | Inarius the Octopode Ice Elementalist began the quest for the Orb.
     0 | D:1      | Reached XP level 1. HP: 11/11 MP: 3/3
   287 | D:1      | Reached XP level 2. HP: 14/17 MP: 1/5
   763 | D:2      | Reached skill level 4 in Ice Magic
   763 | D:2      | Reached XP level 3. HP: 21/21 MP: 4/6
   916 | D:2      | Learned a level 3 spell: Ozocubu's Armour
  1408 | D:2      | Reached XP level 4. HP: 23/27 MP: 0/7
  2205 | D:3      | Found a glowing drain.
  2214 | D:3      | Reached XP level 5. HP: 20/32 MP: 2/9
  2563 | D:3      | Reached skill level 5 in Ice Magic
  2700 | D:2      | Slain by a gnoll

Skill      XL: |  1  2  3  4  5 |
---------------+----------------+-----
Ice Magic      | 4 5 |  5.2
Spellcasting   | 3 |  3.1
Fighting       | |  0.6
Dodging        | |  2.4
Stealth        | |  2.6
Conjurations   | |  1.0
Charms         | |  0.1

Action                   |  1- 3 |  4- 6 || total
-------------------------+-------+-------++-------
Melee: Unarmed           |    10 |       ||    10
       Constrict         |    17 |    14 ||    31
       Tentacles         |     6 |    14 ||    20
       Dagger            |    39 |    44 ||    83
 Cast: Freeze            |    21 |    32 ||    53
       Ozocubu's Armour  |     5 |     4 ||     9
  Use: Scroll            |       |     4 ||     4
 Stab: Sleeping          |    11 |     3 ||    14
  Eat: Chunk             |     1 |     5 ||     6
Armor: Skin              |    10 |    13 ||    23
Dodge: Dodged            |    42 |    70 ||   112
